 Dungeon Crawl Stone Soup version 0.31-a0-825-gf28bc0971e (webtiles) character file.

Game seed: 1530187124575197730

576 qw the Shooter (level 7, -1/43 HPs)
             Began as a Gargoyle Hunter on Sept 23, 2023.
             Slain by a gnoll
             ... wielding a +0 spear
             ... led by a gnoll bouda
              (7 damage)
             ... on level 5 of the Dungeon.
             The game lasted 00:01:09 (3275 turns).

qw the Shooter (Gargoyle Hunter)                    Turns: 3275, Time: 00:01:09

Health: -1/43      AC: 15    Str: 14    XL:     7   Next: 35%
Magic:  7/7        EV: 16    Int: 10    God:
Gold:   260        SH:  0    Dex: 15    Spells: 6/6 levels left

rFire   . . .        Y - +1 shortbow
rCold   + . .        (shield currently unavailable)
rNeg    + . .        b - +3 ring mail {rC+}
rPois   inf          e - +1 helmet
rElec   +            (no cloak)
rCorr   .            (no gloves)
SInv    .            (no boots)
Will    .....        (no amulet)
Stlth   +            c - +5 ring of evasion
HPRegen 0.27/turn    (no ring)
MPRegen 0.10/turn

%: no passive effects
@: about to teleport
A: sickness immunity, AC +4, negative energy resistance 1, electricity
resistance, torment resistance 1, petrification resistance
a: no special abilities


You were on level 5 of the Dungeon.
You visited 1 branch of the dungeon, and saw 5 of its levels.

You collected 260 gold pieces.


Innate Abilities, Weirdness & Mutations

You are immune to sickness and miasma.
Your stone body is resilient. (AC +4)
You are immune to poison.
You resist negative energy. (rN+)
You are resistant to electric shocks. (rElec)
You are resistant to unholy torment.
You are immune to petrification.


   Skills:
 - Level 4.0 Fighting
 + Level 7.8 Ranged Weapons
 - Level 1.7 Armour
 - Level 1.5 Dodging
 - Level 1.1 Stealth


You had 6 spell levels left.
You didn't know any spells.
Your spell library was empty.

Inventory:

Hand Weapons
 Y - a +1 shortbow (weapon)
Armour
 b - a +3 ring mail of cold resistance (worn)
 e - a +1 helmet (worn)
 g - a +1 leather armour of fire resistance
Jewellery
 c - a +5 ring of evasion (left hand)
Scrolls
 a - a scroll of teleportation
 i - a scroll of identify {unknown}
Potions
 d - a potion of attraction {unknown}
 f - a potion of might {unknown}
 h - a potion of lignification {unknown}
 j - 2 potions of curing {unknown}

Dungeon Overview and Level Annotations

Branches:
Dungeon (5/15)
 Temple: D:4-7

Altars:
Fedhas
Makhleb


Message History

The gnoll bouda hits you with a +0 whip.
The gnoll hits you but does no damage. The gnoll closely misses you.
You shoot an arrow.
The arrow barely misses the gnoll bouda.
The gnoll bouda barks out a call to the hunt!
The gnolls pick up the pace!
The gnoll completely misses you. The gnoll hits you but does no damage.
The gnoll closely misses you.
The gnoll bouda hits you with a +0 whip.
You shoot an arrow. The arrow hits the gnoll bouda.
The gnoll bouda is almost dead.
The gnoll misses you. The gnoll barely misses you.
A gnoll comes into view. It is wielding a +0 spear.
The gnoll completely misses you. The gnoll bouda barely misses you.
The gnoll misses you.
The gnoll hits you from afar with a +0 spear.
You shoot an arrow.
The arrow closely misses the gnoll bouda.
The gnoll barely misses you.
The gnoll bouda hits you but does no damage.
The gnoll hits you but does no damage. The gnoll barely misses you.
The gnoll hits you from afar with a +0 spear.
You shoot an arrow. The arrow hits the gnoll bouda.
You kill the gnoll bouda!
Your attacks no longer feel as feeble.
The gnoll closely misses you.
The gnoll hits you from afar with a +0 spear.
The gnoll misses you.
You shoot an arrow. The arrow hits the gnoll.
The gnoll is moderately wounded.
The gnoll misses you. The gnoll hits you but does no damage.
The gnoll closely misses you.
The gnoll hits you from afar with a +0 spear.
The gnoll barely misses you.
3275 ||| READING 2 scrolls of teleportation.
As you read the scroll of teleportation, it crumbles to dust.
You feel strangely unstable. The gnoll hits you but does no damage.
The gnoll hits you from afar with a +0 spear!
You die...

#[. #.. #.. #.# #.# # #.# #.
####### ######.# #.h #.....#
#......# ##... #@g...#
#...#..# ......###))^..#
#...#..# .....g..ggg...###
#...#..#
................###...#..>
..........#.....##.....#..
#####.....#.....##.....#>.
#.....#.....##.....#..
#######.....##.....#..
##############...............


You could see 4 gnolls.

Vanquished Creatures
  Menkaure (D:5)
  A black bear (D:5)
  A scorpion (D:4)
  A howler monkey (D:5)
  2 hounds (D:5)
  A gnoll bouda (D:5)
  Ijyb (D:3)
  An iguana (D:5)
  A gnoll (D:5)
  5 adders
  A worm (D:2)
  2 dart slugs (D:1)
  5 orcs
  5 ball pythons
  4 bats
  6 endoplasms
  4 giant cockroaches
  5 goblins
  5 hobgoblins
  3 jackals (D:4)
  6 kobolds
  3 quokkas
  4 frilled lizards
  4 rats
72 creatures vanquished.

Notes
Turn   | Place    | Note
-------+----------+-------------------------------------------
     0 | D:1      | qw the Gargoyle Hunter began the quest for the Orb.
     0 | D:1      | Reached XP level 1. HP: 12/12 MP: 1/1
     0 | D:1      | 0 ||| qw: Version: 0.3-a-83-gcd0e7d8
     0 | D:1      | 0 ||| qw: Game counter: 1798
     0 | D:1      | 0 ||| qw: Melee chars always use a shield: true
     0 | D:1      | 0 ||| qw: God list: Okawaru
     0 | D:1      | 0 ||| qw: Allow faded altars: false
     0 | D:1      | 0 ||| qw: Do Orc after clearing Dungeon:15 true
     0 | D:1      | 0 ||| qw: Do second Lair branch before Depths: true
     0 | D:1      | 0 ||| qw: Lair rune preference: random
     0 | D:1      | 0 ||| qw: Goals: Normal
     0 | D:1      | 0 ||| PLANNING D:1-11
   160 | D:1      | Reached XP level 2. HP: 17/17 MP: 2/2
   437 | D:1      | Reached XP level 3. HP: 21/21 MP: 3/3
   611 | D:1      | 611 ||| DROPPING ring of magical power.
   612 | D:1      | 612 ||| READING 2 scrolls labelled LOTWID HUISCHODGH.
   617 | D:1      | 617 ||| READING scroll labelled IWOWEOXURO.
   618 | D:1      | 618 ||| DROPPING scroll of butterflies.
   674 | D:2      | Reached skill level 5 in Ranged Weapons
   710 | D:2      | Found a burning altar of Makhleb.
   807 | D:2      | Found a faded altar of an unknown god.
  1072 | D:2      | Reached skill level 3 in Fighting
  1072 | D:2      | Reached XP level 4. HP: 28/28 MP: 4/4
  1304 | D:2      | 1304 ||| UPGRADING to +0 helmet.
  1309 | D:2      | 1309 ||| UPGRADING to +0 ring mail.
  1319 | D:2      | 1319 ||| DROPPING +0 leather armour.
  1320 | D:2      | 1320 ||| READING scroll labelled EDEOROUTRE.
  1321 | D:2      | 1321 ||| READING 2 scrolls labelled NUCZIA MOMU.
  1322 | D:2      | 1322 ||| READING scroll of enchant armour.
  1322 | D:2      | 1322 ||| ENCHANTING +0 helmet.
  1323 | D:2      | 1323 ||| DRINKING 2 yellow potions.
  1324 | D:2      | 1324 ||| DROPPING potion of degeneration.
  1405 | D:3      | Noticed Ijyb
  1426 | D:3      | Killed Ijyb
  1427 | D:3      | Reached skill level 1 in Armour
  1447 | D:3      | 1447 ||| FLEEEEING.
  1448 | D:3      | 1448 ||| FLEEEEING.
  1449 | D:3      | 1449 ||| FLEEEEING.
  1450 | D:3      | 1450 ||| FLEEEEING.
  1451 | D:3      | 1451 ||| FLEEEEING.
  1452 | D:3      | 1452 ||| FLEEEEING.
  1453 | D:3      | 1453 ||| FLEEEEING.
  1457 | D:3      | 1457 ||| FLEEEEING.
  1458 | D:3      | 1458 ||| FLEEEEING.
  1659 | D:3      | Reached XP level 5. HP: 30/32 MP: 5/5
  2057 | D:3      | 2057 ||| UPGRADING to +3 ring mail of cold resistance.
  2067 | D:3      | 2067 ||| DROPPING +0 ring mail.
  2160 | D:4      | Found a blossoming altar of Fedhas.
  2183 | D:4      | Reached skill level 6 in Ranged Weapons
  2432 | D:4      | 2432 ||| STAIRDANCE
  2438 | D:3      | 2438 ||| UPGRADING to +5 ring of evasion.
  2635 | D:4      | Found a burning altar of Makhleb.
  2932 | D:4      | 2932 ||| DRINKING 2 ruby potions.
  2933 | D:4      | 2933 ||| DROPPING potion of brilliance.
  2994 | D:5      | Entered Level 5 of the Dungeon
  3017 | D:5      | Reached XP level 6. HP: 36/38 MP: 6/6
  3045 | D:5      | Noticed a black bear
  3055 | D:5      | Killed a black bear
  3145 | D:5      | Noticed Menkaure
  3146 | D:5      | 3146 ||| RETREEAATING.
  3159 | D:5      | Killed Menkaure
  3160 | D:5      | Reached skill level 7 in Ranged Weapons
  3160 | D:5      | Reached XP level 7. HP: 30/43 MP: 7/7
  3256 | D:5      | 3256 ||| Stepping ~*~*~tactically~*~*~ (retreating).
  3257 | D:5      | 3257 ||| Stepping ~*~*~tactically~*~*~ (retreating).
  3260 | D:5      | 3260 ||| Stepping ~*~*~tactically~*~*~ (retreating).
  3274 | D:5      | HP: 5/43 [gnoll/+0 spear[a gnoll bouda] (6)]
  3275 | D:5      | 3275 ||| READING 2 scrolls of teleportation.
  3275 | D:5      | Slain by a gnoll

Levels and vault maps discovered:
D:1:      lightli_arrival_noodles, layout_loops_ring, roderic_roman_lattice
D:2:      layout_loops_ring, basic_ecumenical_altar, basic_altar,
          corexii_leaking_fountain
D:3:      layout_loops_ring, uniq_ijyb
D:4:      layout_cave_pods, fedhas_altar_1, mainiacjoe_overflow_alcove_1,
          minivault_1
D:5:      layout_basic, nicolae_dithmenos_shadow_blocks, gammafunk_ghost_smash,
          uniq_menkaure

Skill      XL: |  1  2  3  4  5  6 |
---------------+-------------------+-----
Ranged Weapons | 5 6 7 |  7.8
Fighting       | 3 4 |  4.0
Armour         | 1 |  1.7
Dodging        | |  1.5
Stealth        | |  1.1

Action                     |  1- 3 |  4- 6 |  7- 9 || total
---------------------------+-------+-------+-------++-------
   Fire: Shortbow          |    79 |   144 |    30 ||   253
    Use: Scroll            |     2 |     3 |     1 ||     6
         Potion            |       |     2 |       ||     2
 Armour: Leather armour    |    15 |     4 |       ||    19
         Ring mail         |       |    49 |    27 ||    76
  Dodge: Dodged            |    19 |    52 |    37 ||   108

Table legend:
 A = Non-vault XP
 B = Vault XP
 C = Vault XP percentage of total XP
 D = Non-vault monster count
 E = Vault monster count
 F = Vault count percentage of total count
                 A         B        C        D         E       F
            +---------+---------+-------+---------+---------+-------
      Total |     615 |     208 |  25.3 |      70 |       2 |   2.8
            +---------+---------+-------+---------+---------+-------
        D:1 |      37 |       0 |   0.0 |      18 |       0 |   0.0
        D:2 |      68 |       0 |   0.0 |      18 |       0 |   0.0
        D:3 |      31 |      39 |  55.7 |      13 |       1 |   7.1
        D:4 |     123 |       0 |   0.0 |      14 |       0 |   0.0
        D:5 |     356 |     169 |  32.2 |       7 |       1 |  12.5
            +---------+---------+-------+---------+---------+-------
